 Seeded DCSS version 0.29.1-2-gbd0b4ee654 (webtiles) character file.

Game seed: 19941 (custom seed)

2444 Ashen the Scholar of Death (level 9, -6/65 HPs)
             Began as a Demonspawn Necromancer on Oct 29, 2022.
             Was a Follower of Kikubaaqudgha.
             Killed from afar by an efreet (25 damage)
             ... with a fireball
             ... on level 8 of the Dungeon.
             The game lasted 00:27:38 (8719 turns).

Ashen the Scholar of Death (Demonspawn Necromancer) Turns: 8719, Time: 00:27:39

Health: -6/65      AC: 12    Str:  9    XL:     9   Next: 25%
Magic:  4/17       EV: 14    Int: 21    God:    Kikubaaqudgha [*.....]
Gold:   225        SH:  0    Dex: 13    Spells: 3/18 levels left

rFire   . . .      SeeInvis .   r - +0 rapier (venom)
rCold   . . .      Faith    .   (no shield)
rNeg    + . .      Spirit   .   v - +1 leather armour "Jufiosk" {+Blink rPois rN+ rCorr}
rPois   +          Reflect  .   A - +2 hat
rElec   .          Harm     .   t - +1 cloak
rCorr   +          Rampage  .   (no gloves)
Will    .....                   (no boots)
Stlth   +++.......              a - amulet of the acrobat
HPRegen 0.20/turn               k - +4 ring of protection
MPRegen 0.15/turn               (no ring)

@: no status effects
A: powered by death 2, sturdy frame 2, weakness stinger 2
a: Renounce Religion, Evoke Blink, Unearth Wretches


You were on level 8 of the Dungeon.
You worshipped Kikubaaqudgha.
Kikubaaqudgha was aware of your devotion.
You visited 2 branches of the dungeon, and saw 9 of its levels.

You collected 462 gold pieces.
You spent 237 gold pieces at shops.

Inventory:

Hand Weapons
 i - a +0 whip of pain
 r - a +0 rapier of venom (weapon)
Missiles
 f - 6 javelins
Armour
 t - a +1 cloak (worn)
 v - the +1 leather armour "Jufiosk" (worn) {+Blink rPois rN+ rCorr}
   (You bought it in a shop on level 1 of the Dungeon)

   rPois:     It protects you from poison.
   rN:        It protects you from negative energy.
   +Blink:    It lets you blink.
   rCorr:     It protects you from acid and corrosion.
 A - a +2 hat (worn)
Jewellery
 a - an amulet of the acrobat (around neck)
 k - a +4 ring of protection (left hand)
Wands
 d - a wand of digging (7)
 g - a wand of acid (6)
Scrolls
 c - a scroll of magic mapping
 e - 4 scrolls of amnesia
 h - a scroll of noise
 l - a scroll of teleportation {unknown}
 p - a scroll of summoning {unknown}
 q - a scroll of torment {unknown}
 y - a scroll of enchant weapon {unknown}
 z - a scroll of immolation {unknown}
Potions
 b - a potion of magic
 m - 6 potions of curing
 n - a potion of mutation
 o - a potion of degeneration
 s - a potion of invisibility
 u - a potion of berserk rage
 w - a potion of attraction {unknown}
 x - 2 potions of flight {unknown}
 B - a potion of brilliance {unknown}


   Skills:
 + Level 3.9 Fighting
 + Level 5.2 Dodging
 - Level 5.0 Stealth
 + Level 5.3 Spellcasting
 + Level 2.4 Hexes
 + Level 3.8 Summonings
 + Level 7.4 Necromancy
 + Level 1.0 Evocations


You had 3 spell levels left.
You knew the following spells:

 Your Spells              Type           Power      Damage    Failure   Level
a - Necrotise             Necr           100%       1d9       1%          1
b - Vampiric Draining     Necr           36%        2d8       1%          3
c - Animate Dead          Necr           36%        N/A       4%          4
d - Call Canine Familiar  Summ           21%        N/A       6%          3
e - Anguish               Hex/Necr       13%        N/A       14%         4

Your spell library contained the following spells:

 Spells                   Type           Power      Damage    Failure   Level
 Summon Small Mammal      Summ           84%        N/A       2%          1
 Summon Guardian Golem    Hex/Summ       18%        N/A       9%          3
 Tukima's Dance           Hex            15%        N/A       12%         3
 Portal Projectile        Hex/Tloc       20%        N/A       19%         3
 Agony                    Necr           36%        N/A       14%         5
 Blade Hands              Tmut           2%         N/A       96%         5
 Irradiate                Conj/Tmut      2%         3d12      96%         5
 Dragon Form              Tmut           2%         N/A       100%        7


Dungeon Overview and Level Annotations

Branches:
Dungeon (8/15)             Temple (1/1) D:5
   Lair: D:8-11

Altars:
Ashenzari
Cheibriados
Dithmenos
Fedhas
Hepliaklqana
Kikubaaqudgha
Nemelex Xobeh
Okawaru
Qazlal
Sif Muna
Trog
Uskayaw
Vehumet
Xom
Yredelemnul

Shops:
D:1 ([*   D:3 *   D:5 :   D:6 *


Innate Abilities, Weirdness & Mutations

You regenerate health from kills.
Your movements are less encumbered by armour. (ER -4)
You have a tail ending in a sharp stinger.


Message History

Confirm with . or Enter, or press ? or * to list all spells.
Casting: Anguish (dangerous; 14% risk of failure)
Press: ? - help, Dir - look around, f - activate Look: a deep elf pyromancer, wielding a +0 long sword (chance to affect: 49%)
The deep elf pyromancer resists with some effort.
Press: ? - help, v - describe, . - travel
Here: a deep elf pyromancer, wielding a +0 long sword (ally target)
The floor.
Your hound bites the deep elf pyromancer. x2
The deep elf pyromancer mumbles some strange words.
Your hound bites the fire elemental.
Something barely misses your hound.
Your hound barks happily!
Your hound misses the fire elemental.
There is an open door here.
Press: ? - help, v - describe, . - travel
Here: a fire elemental (lightly damaged, summoned)
An open door.
There is an open door here.
You close the door.
The fireball explodes!
The fireball engulfs your hound!
Your hound dies!
Your hound's corpse disappears in a puff of smoke!
An efreet comes into view.
It is wielding a +4 scimitar of flaming.
The efreet gestures at you.
The fireball explodes!
The fireball engulfs you!!
* * * LOW HITPOINT WARNING * * *
Okay, then.
Press: ? - help, v - describe, . - travel
Here: an efreet, wielding a +4 scimitar of flaming and wearing a ring of protection from fire The floor.
As you read the scroll labelled YGGUMO IDEGAH, it crumbles to dust.
You feel aware of your surroundings.
You sensed 1 altar.
It was a scroll of magic mapping.
As you read the scroll labelled DOTAHYPT UJUZA, it crumbles to dust.
It is a scroll of enchant armour.
Your +0 cloak glows green for a moment.
The efreet gestures at you.
The fireball explodes!
The fireball engulfs you!!
You die...
Kikubaaqudgha rasps: "You have failed me!
Welcome... death!"

*,***###########
*,,,,..........#
*****#########.############
#...................
#.#####(############
##.#####.####......#*
#>☼..E☼○..E☼○h.....+,
#○######+####°.....##
#.☼E@......#.☼.......
#..........#.........
#..........#...E.....
#..........#....○h...
#.......R..#....○....
#........☼.#....°....
**#........#.e.....○...
******,..########.#.........
*,,,,+,,,+......).#.........


You could see a deep elf pyromancer, an efreet and a fire elemental (summoned).

Vanquished Creatures
  Duvessa (D:4)
  An ice beast (D:7)
  An ogre (D:7)
  A centaur (D:7)
  2 bullfrogs (D:7)
  A scorpion (D:5)
  2 necrophages
  A wight (D:7)
  Dowan (D:4)
  A centaur zombie (D:7)
  3 jellies
  3 hounds
  An iguana (D:6)
  6 orc wizards
  A killer bee zombie (D:7)
  3 gnolls (D:2)
  9 adders
  A white imp (D:7)
  An ufetubus (D:5)
  2 worms (D:3)
  3 dart slugs
  19 orcs
  6 endoplasms
  4 giant cockroaches
  6 goblins
  8 hobgoblins
  6 kobolds
  2 quokkas (D:1)
  4 ball pythons
  7 bats
  6 frilled lizards
  10 rats
123 creatures vanquished.

Vanquished Creatures (collateral kills)
  An ice beast (D:7)
  A centaur (D:7)
  2 bullfrogs (D:7)
  A wyvern zombie (D:7)
  3 wights (D:7)
  A centaur zombie (D:7)
  A bullfrog zombie (D:7)
  A jelly (D:7)
  3 orc wizards
  A killer bee zombie (D:7)
  2 dart slugs
  13 orcs
  An endoplasm (D:2)
  4 rats
35 creatures vanquished.

Vanquished Creatures (others)
  A meliai (D:8)
  An ice beast (D:8)
  A bullfrog zombie (D:7)
  A centaur zombie (D:7)
  11 orc zombies
15 creatures vanquished.

Grand Total: 173 creatures vanquished

Notes
Turn   | Place    | Note
-------+----------+-------------------------------------------
     0 | D:1      | Ashen the Demonspawn Necromancer began the quest for the
                  | Orb.
     0 | D:1      | Reached XP level 1. HP: 13/13 MP: 3/3
   211 | D:1      | Found Riotof's Antique Weapon Shop.
   251 | D:1      | Gained mutation: Your movements are slightly less
                  | encumbered by armour. (ER -2) [demonic ancestry]
   251 | D:1      | Reached XP level 2. HP: 11/19 MP: 0/5
   563 | D:1      | Found a faded altar of an unknown god.
  1157 | D:1      | Found Vypiut's Assorted Antiques.
  1166 | D:1      | Gained mutation: You have a small tail. [demonic ancestry]
  1166 | D:1      | Reached XP level 3. HP: 24/24 MP: 3/6
  1196 | D:1      | Found Marruhor's Antique Armour Shoppe.
  1871 | D:2      | Reached XP level 4. HP: 30/30 MP: 2/7
  1991 | D:2      | Reached skill level 5 in Necromancy
  2943 | D:3      | Gained mutation: You regenerate a little health from kills.
                  | [demonic ancestry]
  2943 | D:3      | Reached XP level 5. HP: 33/35 MP: 1/9
  2948 | D:3      | Learned a level 3 spell: Vampiric Draining
  2953 | D:3      | Learned a level 4 spell: Animate Dead
  3112 | D:3      | Found a blossoming altar of Fedhas.
  3189 | D:3      | Found Deropsou's Assorted Antiques.
  3256 | D:3      | Found a hazy altar of Hepliaklqana.
  3395 | D:4      | Noticed Duvessa
  3395 | D:4      | Noticed Dowan
  3613 | D:4      | Gained mutation: You regenerate health from kills. [demonic
                  | ancestry]
  3613 | D:4      | Reached XP level 6. HP: 28/41 MP: 8/11
  4016 | D:4      | Killed Duvessa
  4194 | D:4      | Killed Dowan
  4990 | D:5      | Entered Level 5 of the Dungeon
  5042 | D:5      | Learned a level 3 spell: Call Canine Familiar
  5086 | D:5      | Reached skill level 6 in Necromancy
  5087 | D:5      | Reached XP level 7. HP: 43/46 MP: 4/12
  5416 | D:5      | Reached skill level 1 in Fighting
  5422 | D:5      | Reached skill level 1 in Summonings
  5505 | D:5      | Found Neanacku's Book Shoppe.
  6027 | D:5      | Found a large runed translucent door.
  6032 | D:5      | Found a large runed translucent door.
  6057 | D:5      | Found a radiant altar of Vehumet.
  6065 | D:5      | Found a bloodstained altar of Trog.
  6203 | D:5      | Found a staircase to the Ecumenical Temple.
  6212 | Temple   | Entered the Ecumenical Temple
  6363 | Temple   | Became a worshipper of Kikubaaqudgha
  6391 | D:6      | Found Imosk's Fire Supplies.
  6542 | D:1      | Bought a jewelled leather armour for 210 gold pieces
  6542 | D:1      | Identified the +1 leather armour "Jufiosk" {+Blink rPois
                  | rN+ rCorr} (You bought it in a shop on level 1 of the
                  | Dungeon)
  6542 | D:1      | Bought a fizzy clear potion for 27 gold pieces
  7178 | D:6      | Found a sparkling altar of Nemelex Xobeh.
  7217 | D:6      | You fall into a shaft and drop 1 floor!
  7263 | D:7      | Gained mutation: Your movements are less encumbered by
                  | armour. (ER -4) [demonic ancestry]
  7263 | D:7      | Reached XP level 8. HP: 18/56 MP: 1/14
  7331 | D:7      | Reached * piety under Kikubaaqudgha
  7331 | D:7      | Received a gift from Kikubaaqudgha
  7337 | D:7      | Learned a level 4 spell: Anguish
  7512 | D:7      | Reached skill level 5 in Stealth
  7516 | D:7      | Reached skill level 1 in Hexes
  7605 | D:7      | Reached skill level 7 in Necromancy
  7805 | D:7      | Reached skill level 5 in Spellcasting
  7840 | D:7      | Reached skill level 5 in Dodging
  7845 | D:7      | Gained mutation: You have a tail ending in a sharp stinger.
                  | [demonic ancestry]
  7845 | D:7      | Reached XP level 9. HP: 22/64 MP: 13/16
  8144 | D:7      | Found a shimmering altar of Xom.
  8145 | D:7      | Found a shimmering altar of Xom.
  8146 | D:7      | Found a shimmering altar of Xom.
  8146 | D:7      | Found a shimmering altar of Xom.
  8147 | D:7      | Found a shimmering altar of Xom.
  8151 | D:7      | Found a shimmering altar of Xom.
  8152 | D:7      | Found a shimmering altar of Xom.
  8554 | D:8      | Noticed a meliai
  8563 | D:8      | Killed a meliai
  8682 | D:8      | Reached skill level 1 in Evocations
  8693 | D:8      | Noticed a deep elf pyromancer
  8716 | D:8      | Noticed an efreet
  8719 | D:8      | Killed from afar by an efreet

Illustrated notes

Levels and vault maps discovered:
D:1:      lightli_arrival_lavapool, layout_basic, serial_shops, shop_fountains,
          shop, nicolae_shop_trees,
          hellmonk_ecumenical_altar_pennies_from_heaven
D:2:      layout_loops_ring, minmay_hexomino_c4
D:3:      layout_basic, mainiacjoe_overflow_surrounded_room,
          mainiacjoe_overflow_big_doors, serial_shops, shop,
          kennysheep_generic_room_6
D:4:      layout_layer_cave, uniq_duvessa
D:5:      layout_loops_ring, jmf_multi_god_temple2, temple_statues,
          serial_shops, shop
D:6:      layout_cave_pods, nemelex_spade_bored_becter, chequers_jeans,
          nicolae_shop_fire_sale [nicolae_sub_dead_trees],
          hellmonk_bongcloud_opening, item_on_display_a, uniq_menkaure
D:7:      layout_cave_pools, xom_shifter_show, serial_undead, serial_undead_c,
          serial_undead_a, serial_undead_f, serial_undead_a
D:8:      minmay_cut_squares, layout_basic, mainiacjoe_overflow_paths
Temple:   hellmonk_temple_forest_ring

Skill      XL: |  1  2  3  4  5  6  7  8  9 |
---------------+----------------------------+-----
Stealth        | 2 3 4 5 |  5.0
Dodging        | 2 3 4 5 |  5.2
Necromancy     | 5 6 7 |  7.4
Spellcasting   | 3 4 5 |  5.3
Fighting       | 2 3 |  3.9
Summonings     | 2 3 |  3.8
Hexes          | 2 |  2.4
Evocations     | 1 |  1.0

Action                   |  1- 3 |  4- 6 |  7- 9 || total
-------------------------+-------+-------+-------++-------
Melee: Unarmed           |     4 |       |       ||     4
       Dagger            |     6 |    20 |       ||    26
       Tailslap          |       |     8 |    25 ||    33
       Whip              |       |    20 |       ||    20
       Punch             |       |     1 |     6 ||     7
       Rapier            |       |    17 |   140 ||   157
 Cast: Necrotise         |    64 |    90 |    18 ||   172
       Vampiric Draining |       |     3 |    15 ||    18
       Animate Dead      |       |     1 |     6 ||     7
       Call Canine Famil |       |       |    22 ||    22
       Anguish           |       |       |     7 ||     7
  Use: Scroll            |       |     6 |     5 ||    11
       Potion            |       |       |     2 ||     2
 Stab: Sleeping          |       |     2 |     2 ||     4
       Distracted        |       |       |     1 ||     1
Armor: Leather armour    |    10 |     9 |    16 ||    35
       Robe              |       |    23 |    51 ||    74
       Skin              |       |       |    17 ||    17
Dodge: Dodged            |    18 |    44 |   145 ||   207
